 Dungeon Crawl Stone Soup version 0.30.1-9-gdf580d7c3d (webtiles) character file.

Game seed: 14958593724520545660

6717 adizb the Carver (level 11, -1/67 HPs)
             Began as a Tengu Berserker on Oct 23, 2023.
             Was a High Priest of Trog.
             Slain by a tengu warrior
             ... wielding a +2 long sword of holy wrath
              (15 damage)
             ... on level 9 of the Dungeon.
             The game lasted 00:45:16 (7965 turns).

adizb the Carver (Tengu Berserker)                  Turns: 7965, Time: 00:45:16

Health: -1/67      AC:  9    Str: 16    XL:     11   Next: 4%
Magic:  12/12      EV: 19    Int: 11    God:    Trog [*****.]
Gold:   297        SH:  0    Dex: 21    Spells: 10/10 levels left

rFire   . . .        b - +2 great sword (distort)
rCold   . . .        (shield currently unavailable)
rNeg    + + +        z - +0 ring mail of Resonance {rN+++ Int-2 Dex+5}
rPois   +            h - +1 hat
rElec   .            A - scarf {+Inv}
rCorr   .            G - +0 pair of gloves
SInv    +            (boots unavailable)
Will    .....        (no amulet)
Stlth   +            d - ring of poison resistance
HPRegen 0.31/turn    (no ring)
MPRegen 0.13/turn

%: no passive effects
@: marked, flying quickly and evasively, invisible, quick
A: beak, talons 3, nimble flight, see invisible, clever 1, screaming 1
a: Renounce Religion, Evoke Invisibility, Berserk, Trog's Hand, Brothers in Arms


You were on level 9 of the Dungeon.
You worshipped Trog.
Trog was extremely pleased with you.
You visited 1 branch of the dungeon, and saw 10 of its levels.
You also visited: Sewer and Ossuary.

You collected 688 gold pieces.
You spent 391 gold pieces at shops.

Inventory:

Hand Weapons
 b - a +2 great sword of distortion (weapon)
 Q - a +5 long sword of flaming
Missiles
 e - 6 atropa-tipped darts
 f - 20 poisoned darts
 x - 7 boomerangs (quivered)
 C - a throwing net
 F - 2 silver javelins
 J - a boomerang of dispersal
 P - a curare-tipped dart
Armour
 h - a +1 hat (worn)
 z - the +0 ring mail of Resonance (worn) {rN+++ Int-2 Dex+5}
   (You bought it in a shop on level 2 of the Dungeon)

   Int:       It affects your intelligence (-2).
   Dex:       It affects your dexterity (+5).
   rN:        It renders you almost immune to negative energy.
 A - a scarf of invisibility (worn)
 D - +0 steam dragon scales
 G - a +0 pair of gloves (worn)
 R - a +0 troll leather armour
Jewellery
 d - a ring of poison resistance (left hand)
 u - a ring of ice
 v - a ring of fire
 O - a +6 ring of intelligence
Wands
 B - a wand of flame (23)
 E - a wand of roots (8)
 L - a wand of quicksilver (1)
 N - a wand of mindburst (7)
Scrolls
 g - 3 scrolls of teleportation
 i - 2 scrolls of magic mapping
 l - a scroll of enchant armour
 o - 2 scrolls of torment
 p - 3 scrolls of identify
 r - a scroll of summoning
 y - 5 scrolls of fog
 H - a scroll of silence
 I - a scroll of blinking {unknown}
Potions
 a - 2 potions of berserk rage
 c - 6 potions of lignification
 j - a potion of invisibility
 k - 6 potions of curing
 m - 2 potions of attraction
 n - 7 potions of cancellation
 q - 2 potions of mutation
 s - 4 potions of might
 t - 3 potions of haste
 w - 4 potions of heal wounds
 K - a potion of resistance {unknown}


   Skills:
 + Level 7.5 Fighting
 + Level 11.1 Long Blades
 - Level 3.0 Throwing
 + Level 7.9 Armour
 * Level 8.2 Dodging
 + Level 4.3 Evocations


You had 10 spell levels left.
You didn't know any spells.
Your spell library was empty.

Dungeon Overview and Level Annotations

Branches:
Dungeon (10/15)            Temple (0/1) D:7            Lair (0/5) D:9
    Orc (0/2) D:9           Sewer (visited)         Ossuary (visited)

Altars:
Cheibriados
Dithmenos
Gozag
Hepliaklqana
Kikubaaqudgha
Nemelex Xobeh
Okawaru
Qazlal
Ru
Uskayaw
Zin

Shops:
D:2 (([   D:9 !

Annotations:
D:10 Harold


Innate Abilities, Weirdness & Mutations

You have a beak for a mouth.
You have claws for feet.
Your magical nature lets you fly swiftly and evasively.
You have supernaturally acute eyesight. (SInv)
Your mind is acute. (Int +4, Str/Dex -1)
You occasionally shout uncontrollably at your foes.


Message History

There is a stone staircase leading down here.
You hit the troll but do no damage.
Space warps horribly around the troll!!
You kill the troll!
Trog accepts your kill.
There is a stone staircase leading down here.
You fly downwards.
Level annotation: Harold The tengu warrior shouts! x2
There is a stone staircase leading up here.
The tengu warrior hits you with a +2 long sword of holy wrath.
The tengu warrior closely misses you. x2
The tengu warrior hits you with a +0 battleaxe!
The tengu warrior pecks you. The tengu warrior claws you.
You fly upwards.
There is a stone staircase leading down here.
The tengu warrior barely misses you. The tengu warrior pecks you.
The tengu warrior misses you.
The tengu warrior hits you with a +0 battleaxe!!
The tengu warrior pecks you but does no damage.
The tengu warrior claws you.
Things that are here:
a +0 short sword; a +0 short sword The tengu warrior attacks as you move away!
The tengu warrior hits you with a +0 battleaxe!
* * * LOW HITPOINT WARNING * * *
The tengu warrior barely misses you. The tengu warrior claws you.
* * * LOW HITPOINT WARNING * * *
Items here: ( ))))).
The tengu warrior attacks as you move away!
The tengu warrior barely misses you.
The tengu warrior pecks you but does no damage.
The tengu warrior misses you.
Okay, then.
Okay, then.
You fade into invisibility!
The tengu warrior misses you. The tengu warrior barely misses you.
The tengu warrior misses you.
Your ogre goes berserk!
The tengu warrior hits you with a +2 long sword of holy wrath!
You die...

#################################
..............QQ@................
#########.#######................
#.# #.O........###### #Q#
#..........# #)#######..........#
#########..................######
.........>.........>.............
#########.....................###
#............#######..#


You could see 2 tengu warriors and a friendly ogre (summoned, berserk).

Vanquished Creatures
  A two-headed ogre (D:8)
  2 trolls (D:9)
  A hornet (D:7)
  Grinder (D:4)
  3 yaks (D:9)
  A wyvern (D:9)
  2 wraiths
  2 steam dragons
  2 water moccasins
  A sky beast (D:6)
  A swamp drake (D:9)
  2 orc warriors (D:9)
  An ice beast (D:5)
  5 ogres
  2 centaurs (D:8)
  A phantom (D:6)
  A kobold brigand (D:9)
  4 bullfrogs
  A scorpion (D:5)
  2 howler monkeys
  3 centaur zombies (Ossuary)
  3 human zombies (Ossuary)
  2 jellies
  2 hounds (D:5)
  5 orc priests
  3 iguanas
  4 sleepcaps
  12 orc wizards
  4 mummies (Ossuary)
  3 river rats (Sewer)
  13 adders
  A white imp (D:7)
  3 ufetubi
  3 worms
  2 dart slugs (D:4)
  38 orcs
  7 bats
  6 endoplasms
  6 giant cockroaches
  6 goblins
  10 hobgoblins
  6 jackals
  9 quokkas
  12 ball pythons
  7 frilled lizards
  A hobgoblin zombie (Ossuary)
  19 kobolds
  A kobold zombie (Ossuary)
  2 rats
229 creatures vanquished.

Vanquished Creatures (collateral kills)
  Erica (D:9)
1 creature vanquished.

Grand Total: 230 creatures vanquished

Notes
Turn   | Place    | Note
-------+----------+-------------------------------------------
     0 | D:1      | adizb the Tengu Berserker began the quest for the Orb.
     0 | D:1      | Reached XP level 1. HP: 14/14 MP: 2/2
   256 | D:1      | Reached XP level 2. HP: 11/19 MP: 3/3
   861 | D:2      | Found Veruiq's Antique Weapon Boutique.
   911 | D:2      | Reached XP level 3. HP: 19/23 MP: 4/4
  1056 | D:2      | Found Guylas's Weapon Boutique.
  1077 | D:2      | Found Lumepil's Antique Armour Emporium.
  1133 | D:2      | Reached ** piety under Trog
  1160 | D:2      | Reached skill level 4 in Long Blades
  1389 | D:2      | Reached XP level 4. HP: 20/28 MP: 5/5
  1498 | D:2      | Identified a scroll of acquirement
  1499 | D:2      | Acquired a +2 great sword of distortion
  1572 | D:3      | Found a glowing drain.
  1581 | Sewer    | Entered a sewer
  1663 | Sewer    | Gained mutation: Your magical nature lets you fly swiftly
                  | and evasively. [Tengu growth]
  1663 | Sewer    | Reached XP level 5. HP: 32/32 MP: 6/6
  1874 | Sewer    | Gained mutation: Armour fits poorly on your strangely
                  | shaped body. [potion of mutation]
  1875 | Sewer    | Lost mutation: Armour fits poorly on your strangely shaped
                  | body. [potion of mutation]
  1875 | Sewer    | Gained mutation: Your spells are a little easier to cast,
                  | but a little less powerful. [potion of mutation]
  1875 | Sewer    | Gained mutation: You are agile. (Dex +4, Str/Int -1)
                  | [potion of mutation]
  1875 | Sewer    | Lost mutation: Your spells are a little easier to cast, but
                  | a little less powerful. [potion of mutation]
  2017 | Sewer    | Reached skill level 5 in Long Blades
  2342 | D:3      | Reached *** piety under Trog
  2453 | D:3      | Reached XP level 6. HP: 38/38 MP: 7/7
  3040 | D:4      | Found a sand-covered staircase.
  3045 | Ossuary  | Entered an ossuary
  3227 | Ossuary  | Reached XP level 7. HP: 35/43 MP: 8/8
  3289 | Ossuary  | Lost mutation: You are agile. (Dex +4, Str/Int -1) [potion
                  | of mutation]
  3289 | Ossuary  | Gained mutation: You are partially covered in iridescent
                  | scales. (AC +2) [potion of mutation]
  3289 | Ossuary  | Gained mutation: You are clumsy. (Dex -2) [potion of
                  | mutation]
  3289 | Ossuary  | Gained mutation: You are partially covered in large bone
                  | plates. (SH +4) [potion of mutation]
  3290 | Ossuary  | Lost mutation: You are clumsy. (Dex -2) [potion of
                  | mutation]
  3290 | Ossuary  | Lost mutation: You are partially covered in large bone
                  | plates. (SH +4) [potion of mutation]
  3290 | Ossuary  | Gained mutation: Armour fits poorly on your strangely
                  | shaped body. [potion of mutation]
  3290 | Ossuary  | Gained mutation: You expend magic power (3 MP) to
                  | strengthen your wands. [potion of mutation]
  3291 | Ossuary  | Lost mutation: You are partially covered in iridescent
                  | scales. (AC +2) [potion of mutation]
  3291 | Ossuary  | Lost mutation: You expend magic power (3 MP) to strengthen
                  | your wands. [potion of mutation]
  3291 | Ossuary  | Lost mutation: Armour fits poorly on your strangely shaped
                  | body. [potion of mutation]
  3291 | Ossuary  | Gained mutation: Your mind is acute. (Int +4, Str/Dex -1)
                  | [potion of mutation]
  3291 | Ossuary  | Gained mutation: You have hidden genetic defects. [potion
                  | of mutation]
  3292 | Ossuary  | Lost mutation: Your mind is acute. (Int +4, Str/Dex -1)
                  | [potion of mutation]
  3292 | Ossuary  | Lost mutation: You have hidden genetic defects. [potion of
                  | mutation]
  3292 | Ossuary  | Gained mutation: You are occasionally teleported next to
                  | monsters. [potion of mutation]
  3293 | Ossuary  | Lost mutation: You are occasionally teleported next to
                  | monsters. [potion of mutation]
  3293 | Ossuary  | Gained mutation: Your mind is acute. (Int +4, Str/Dex -1)
                  | [potion of mutation]
  3293 | Ossuary  | Gained mutation: You occasionally shout uncontrollably at
                  | your foes. [potion of mutation]
  3293 | Ossuary  | Gained mutation: You have supernaturally acute eyesight.
                  | (SInv) [potion of mutation]
  3325 | D:4      | Reached skill level 6 in Long Blades
  3335 | D:4      | Found a sparkling altar of Nemelex Xobeh.
  3466 | D:4      | Found a stormy altar of Qazlal.
  3498 | D:4      | Noticed Grinder
  3504 | D:4      | Killed Grinder
  3510 | D:4      | Reached XP level 8. HP: 32/48 MP: 9/9
  3530 | D:4      | Reached **** piety under Trog
  3531 | D:4      | Reached skill level 7 in Long Blades
  3536 | D:4      | Reached skill level 5 in Fighting
  3536 | D:4      | Reached skill level 5 in Armour
  3538 | D:4      | Reached skill level 5 in Dodging
  3559 | D:4      | Found an ancient bone altar of Kikubaaqudgha.
  3559 | D:4      | Found a snail-covered altar of Cheibriados.
  3560 | D:4      | Found a shadowy altar of Dithmenos.
  3560 | D:4      | Found a hazy altar of Hepliaklqana.
  3563 | D:4      | Found a sacrificial altar of Ru.
  3832 | D:4      | Found an opulent altar of Gozag.
  3914 | D:5      | Entered Level 5 of the Dungeon
  4122 | D:5      | Reached skill level 8 in Long Blades
  4183 | D:5      | Reached XP level 9. HP: 47/55 MP: 10/10
  4216 | D:5      | Identified the +6 whip of Ignis's Generosity {drain, SInv}
  4316 | D:5      | Reached skill level 1 in Throwing
  4365 | D:5      | Found an iron altar of Okawaru.
  4775 | D:2      | Bought a twisted ring mail for 207 gold pieces
  4775 | D:2      | Identified the +0 ring mail of Resonance {rN+++ Int-2
                  | Dex+5} (You bought it in a shop on level 2 of the Dungeon)
  4775 | D:2      | Bought an embroidered scarf for 184 gold pieces
  4993 | D:6      | Reached ***** piety under Trog
  5632 | D:7      | Found a staircase to the Ecumenical Temple.
  5678 | D:7      | Reached skill level 1 in Evocations
  5683 | D:7      | Reached skill level 9 in Long Blades
  6046 | D:8      | Found a glowing silver altar of Zin.
  6175 | D:8      | Noticed a hornet
  6188 | D:7      | Killed a hornet
  6369 | D:8      | Noticed a two-headed ogre
  6382 | D:8      | Killed a two-headed ogre
  6383 | D:8      | Reached XP level 10. HP: 53/61 MP: 11/11
  6387 | D:8      | Noticed a +0 dagger
  6388 | D:8      | Noticed a +0 short sword
  6388 | D:8      | Noticed a +0 dagger
  6389 | D:8      | Noticed a +0 falchion
  6389 | D:8      | Noticed a +0 spear
  6389 | D:8      | Noticed a +0 spear
  6390 | D:8      | Noticed a +0 falchion
  6390 | D:8      | Noticed a +0 short sword
  6393 | D:8      | Found a hide-covered altar of Uskayaw.
  6693 | D:8      | Reached skill level 10 in Long Blades
  6730 | D:9      | Noticed Erica
  6741 | D:9      | Killed Erica
  6755 | D:9      | Found Omiummaw's Distillery.
  7259 | D:9      | Received a gift from Trog
  7361 | D:9      | Found a staircase to the Orcish Mines.
  7540 | D:9      | Reached skill level 11 in Long Blades
  7647 | D:9      | Found a staircase to the Lair.
  7786 | D:10     | Entered Level 10 of the Dungeon
  7824 | D:10     | Reached XP level 11. HP: 67/67 MP: 12/12
  7914 | D:10     | Noticed Harold
  7915 | D:10     | Noticed a two-headed ogre
  7946 | D:10     | Noticed a tengu warrior
  7946 | D:10     | Noticed a tengu warrior
  7965 | D:9      | Slain by a tengu warrior

Illustrated notes

Levels and vault maps discovered:
D:1:      dpeg_cavernosity, layout_basic, chequers_serial_rivers_large_a
D:2:      layout_basic, serial_shops, shop, nicolae_shop_pleasant_corner_grove,
          shop
D:3:      layout_basic, portal_sewer_entry_d, minmay_box_of_dots
D:4:      layout_loops_ring, nicolae_overflow_crystal_walls,
          grunt_temple_overflow_open, mainiacjoe_overflow_catch_the_wave,
          enter_ossuary_5, uniq_grinder
D:5:      layout_gridville, kennysheep_okawaru_gauntlet, kennysheep_crisscross
D:6:      layout_loops_ring
D:7:      layout_rooms, minmay_temple_entry_hall
D:8:      layout_gridville, mainiacjoe_overflow_brackets,
          nicolae_uskayaw_en_pointe
D:9:      layout_long_grid, dpeg_oklobed_lair, erik_orc_1, serial_shops, shop,
          kennysheep_generic_room_8, uniq_erica
D:10:     layout_irregular_city, mainiacjoe_overflow_tiny_flanked, uniq_harold

Skill      XL: |  1  2  3  4  5  6  7  8  9 10 |
---------------+-------------------------------+-----
Long Blades    | 4 5 6 8 9 11 | 11.1
Armour         | 3 4 5 6 7 |  7.9
Dodging        | 3 4 5 7 8 |  8.2
Fighting       | 4 5 6 7 |  7.5
Throwing       | 3 |  3.0
Evocations     | 2 4 |  4.3

Action                     |  1- 3 |  4- 6 |  7- 9 | 10-12 || total
---------------------------+-------+-------+-------+-------++-------
  Melee: Falchion          |    86 |     2 |       |       ||    88
         Kick              |    20 |    24 |    34 |    35 ||   113
         Peck              |     5 |    16 |    22 |    23 ||    66
         Punch             |     1 |       |       |       ||     1
         Great sword       |       |   115 |   181 |   122 ||   418
  Throw: Boomerang         |       |       |     5 |       ||     5
 Invoke: Trog's Hand       |       |     1 |     1 |       ||     2
         Brothers in Arms  |       |       |       |     1 ||     1
    Use: Scroll            |     5 |     5 |    10 |     3 ||    23
         Potion            |       |     4 |     5 |     1 ||    10
   Stab: Sleeping          |     2 |     3 |       |       ||     5
         Distracted        |       |     1 |       |       ||     1
 Armour: Animal skin       |    13 |       |       |       ||    13
         Leather armour    |       |    40 |    22 |       ||    62
         Ring mail         |       |       |    14 |    29 ||    43
  Dodge: Dodged            |    49 |   145 |   170 |   123 ||   487
